 Dungeon Sprint DCSS version 0.18.1-6-gd335043 (webtiles) character file.

442 Groucho the Charlatan (level 6, -7/62 HPs)
             Began as a Deep Dwarf Fighter on May 19, 2016.
             Was an Initiate of Makhleb.
             Mangled by a slime creature (15 damage)
             ... in the Dungeon (Sprint I: "Red Sonja").
             The game lasted 00:02:39 (692 turns).

Groucho the Charlatan (Deep Dwarf Fighter)           Turns: 692, Time: 00:02:39

Health: -7/62      AC:  8    Str: 21    XL:     6   Next: 71%
Magic:  11/11      EV: 10    Int:  9    God:    Makhleb [......]
Gold:   305        SH: 11    Dex: 12    Spells: 0 memorised, 5 levels left

rFire  . . .     SeeInvis .     a - +0 war axe
rCold  . . .     Gourm    .     b - +0 scale mail
rNeg   . . .     Faith    .     c - +0 shield
rPois  .         Spirit   .     (no helmet)
rElec  .         Dismiss  .     (no cloak)
rCorr  .         Reflect  .     (no gloves)
SustAt .         Harm     .     (no boots)
MR     .....     NoTele   +     (no amulet)
Stlth  ..........               (no ring)
                                (no ring)

@: non-regenerating, not resistant to hostile enchantments, extremely unstealthy
A: damage resistance, recharge devices, sense surroundings 1, slow regeneration
3
a: Device Recharging, Renounce Religion


You were in the Dungeon.
You worshipped Makhleb.
Makhleb was noncommittal.
You were not hungry.

You visited 1 branch You collected 305 gold pieces.

Inventory:

Hand Weapons
 a - a +0 war axe (weapon)
Armour
 b - a +0 scale mail (worn)
 c - a +0 shield (worn)
Wands
 e - a wand of heal wounds (2/9)
Scrolls
 h - a scroll of identify {unknown}
 l - a scroll of blinking
Potions
 d - a potion of might
 g - a potion of curing
 j - 2 potions of magic
Comestibles
 f - a bread ration


   Skills:
 * Level 6.1 Fighting
 * Level 7.1 Axes
 * Level 7.6 Armour
 + Level 4.7 Dodging
 * Level 7.5 Shields
 * Level 0.0 Invocations
 * Level 7.9 Evocations


You had 5 spell levels left.
You didn't know any spells.

Dungeon Overview and Level Annotations

Branches:
Dungeon (1/1)

Altars:
Cheibriados
Dithmenos
Elyvilon
Fedhas
Gozag
Kikubaaqudgha
Makhleb
Nemelex Xobeh
Okawaru
Pakellas
Qazlal
Ru
Sif Muna
Trog
Vehumet
Xom
Yredelemnul
Zin
The Shining One
Jiyva

Shops:
D =


Innate Abilities, Weirdness & Mutations

You are resistant to damage.
You can recharge devices by infusing magical energy.
You passively map a small area around you.
You do not regenerate naturally.


Message History

You feel much better.
This wand has 2 charges left.
You block the slime creature's attack.
Your scale mail prevents you from hitting the slime creature.
The slime creature is heavily wounded.
The slime creature hits you!
You barely miss the slime creature.
The slime creature is heavily wounded.
The slime creature hits you.
You slash the slime creature!
The slime creature is severely wounded.
The slime creature barely misses you.
You barely miss the slime creature.
The slime creature is severely wounded.
The slime creature hits you but does no damage.
Your shield prevents you from hitting the slime creature.
The slime creature is severely wounded.
The slime creature hits you!
* * * LOW HITPOINT WARNING * * *
The slime creature hits you!
You die...

###################
***
#<.#..').#.)'..#__#
+
#..').#..'..#..@J.+
#..#####'#####'#__#
#..####..#...#.####
* #..#__####..##.#
≈ #..#_.___##'#..+
#⌠⌠#_.∩...÷..._# ≈
, ,
####_..._##_.#'# +
** #_____###+#)#
***####### ###


You could see a slime creature.

Vanquished Creatures
  Sigmund (D)
  A yak (D)
  An ogre (D)
  A jelly (D)
  Ijyb (D)
5 creatures vanquished.

Notes
Turn   | Place    | Note
--------------------------------------------------------------
     0 | D        | Groucho the Deep Dwarf Fighter began the quest for the Orb.
     0 | D        | Reached XP level 1. HP: 20/20 MP: 1/1
     6 | D        | Noticed Ijyb
    19 | D        | Killed Ijyb
    19 | D        | Reached skill level 1 in Dodging
    19 | D        | Reached XP level 2. HP: 28/28 MP: 2/4
   244 | D        | Noticed an ogre
   250 | D        | Killed an ogre
   250 | D        | Reached skill level 5 in Armour
   250 | D        | Reached skill level 5 in Shields
   250 | D        | Reached XP level 3. HP: 15/36 MP: 4/6
   250 | D        | Reached XP level 4. HP: 18/44 MP: 4/7
   254 | D        | Noticed Sigmund
   267 | D        | Killed Sigmund
   267 | D        | Reached skill level 5 in Fighting
   267 | D        | Reached XP level 5. HP: 5/52 MP: 5/10
   331 | D        | Found a deep blue altar of Sif Muna.
   333 | D        | Found a radiant altar of Vehumet.
   339 | D        | Reached XP level 6. HP: 20/61 MP: 11/11
   372 | D        | Found Huakupt's Jewellery Emporium.
   372 | D        | Found a white marble altar of Elyvilon.
   372 | D        | Found a stormy altar of Qazlal.
   372 | D        | Found a burning altar of Makhleb.
   372 | D        | Found a sacrificial altar of Ru.
   372 | D        | Found an oddly glowing altar of Pakellas.
   372 | D        | Found a basalt altar of Yredelemnul.
   372 | D        | Found a glowing golden altar of the Shining One.
   372 | D        | Found a sparkling altar of Nemelex Xobeh.
   372 | D        | Found a shimmering altar of Xom.
   372 | D        | Found an opulent altar of Gozag.
   372 | D        | Found an ancient bone altar of Kikubaaqudgha.
   372 | D        | Found a glowing silver altar of Zin.
   372 | D        | Noticed a yak
   374 | D        | HP: 2/61 [yak (14)]
   381 | D        | Killed a yak
   382 | D        | Found an iron altar of Okawaru.
   383 | D        | Found a bloodstained altar of Trog.
   386 | D        | Became a worshipper of Makhleb the Destroyer
   679 | D        | Found a snail-covered altar of Cheibriados.
   679 | D        | Found a viscous altar of Jiyva.
   679 | D        | Found a shadowy altar of Dithmenos.
   679 | D        | Found a blossoming altar of Fedhas.
   679 | D        | Noticed a slime creature
   686 | D        | HP: 3/62 [slime creature (11)]
   692 | D        | Mangled by a slime creature

Skill      XL: |  1  2  3  4  5  6 |
---------------+-------------------+-----
Fighting       | 3 4 5 6 |  6.1
Axes           | 3 4 6 7 |  7.1
Armour         | 4 5 6 7 |  7.6
Dodging        | 1 2 4 |  4.7
Shields        | 4 5 6 7 |  7.5
Evocations     | 2 4 6 7 |  7.9

Action                   |  1- 3 |  4- 6 || total
-------------------------+-------+-------++-------
Melee: War axe           |    19 |    34 ||    53
Evoke: Wand              |       |     3 ||     3
  Use: Potion            |     1 |     2 ||     3
Armor: Scale mail        |     9 |     5 ||    14
Dodge: Dodged            |     2 |     6 ||     8
Block: Shield            |     5 |     7 ||    12
